Kings vs Stars

Created - 30 janvier 2018 at 15:55

Goals
1 2 3 T
Kings 4 1 0 5
Stars 4 2 2 8
Shots
1 2 3 T
Kings 9 5 9 23
Stars 18 11 8 37

1st period

1. Stars , Dan Hamhuis 3 (Alexander Wennberg 22, Loui Eriksson 32) at 2:32 (PP)
2. Kings , Jaden Schwartz 19 (Zdeno Chara 25) at 5:27
3. Kings , Brad Richards 14 (Vladimir Tarasenko 18, Tyson Barrie 16) at 6:37
4. Stars , Milan Michalek 14 (Loui Eriksson 33, John Klingberg 21) at 7:48
5. Kings , Marian Hossa 28 (Erik Karlsson 23) at 10:14
6. Kings , Marian Hossa 29 (PK Subban 26, Erik Karlsson 24) at 11:44
7. Stars , Zach Bogosian 5 (Milan Michalek 14, Sean Monahan 12) at 14:46
8. Stars , Sean Monahan 13 (Alexander Wennberg 23, Zach Bogosian 23) at 19:15

Penalties :
Zdeno Chara (LAK) for Slashing (Minor) at 1:24, Vladimir Tarasenko (LAK) for High sticking (Minor) at 12:17

2nd period

9. Stars , Jeff Carter 18 (Zach Bogosian 24, Tyler Donati 14) at 1:32
10. Stars , Alexander Wennberg 11 (Elias Lindholm 9, Dan Hamhuis 29) at 8:10 (PP)
11. Kings , Max Pacioretty 15 (Tyson Barrie 17, Marian Hossa 34) at 12:03

Penalties :
PK Subban (LAK) for Hooking (Minor) at 7:33, Joni Pitkanen (DAL) for Roughing (Minor) at 12:40, Zenon Konopka (LAK) for Holding (Minor) at 12:40, Justin Schultz (LAK) for Delaying the game (Minor) at 14:33, Vladimir Tarasenko (LAK) for Hooking (Minor) at 19:03

3rd period

12. Stars , Jeff Carter 19 (Kevin Shattenkirk 23, Joni Pitkanen 32) at 5:34 (PP)
13. Stars , Jeff Carter 20 (Kevin Shattenkirk 24, Brent Aubin 29) at 11:00

Penalties :
Jeff Carter (DAL) for Diving (Minor) at 3:20, PK Subban (LAK) for Interference (Minor) at 4:17, PK Subban (LAK) for Roughing (Minor) at 6:26, PK Subban (LAK) for Hooking (Minor) at 11:12, Vladimir Tarasenko (LAK) for High sticking (Minor) at 13:59

Goalie Stats

Connor Hellebuyck (LAK), 13 saves from 15 shots - (0,867), 31:50 minutes
Jonas Hiller (LAK), 16 saves from 22 shots - (0,727), L, 8-9-0, 28:10 minutes
Frederik Andersen (DAL), 18 saves from 23 shots - (0,783), W, 24-16-5, 60:00 minutes

Players Stats for Kings

Player Name              G  A  P  +/- PIM S  H  SB GA TA FO     MP     PP MP  PK MP  
------------------------------------------------------------------------------------
Brad Richards            1  0  1   1  0   2  0  0  0  0  7/17   20:45   0:00   6:12 
Cody Ceci                0  0  0   0  0   0  0  3  0  0  0/0     8:09   0:47   6:22 
Connor Sheary            0  0  0  -1  0   0  0  0  0  0  0/0    13:11   0:10   0:07 
Erik Karlsson            0  2  2   1  0   1  0  0  0  0  0/0    15:43   0:10   0:00 
Gabriel Dumont           0  0  0   0  0   0  0  0  0  0  0/0     0:00   0:00   0:00 
Henrik Sedin             0  0  0   0  0   1  1  0  0  0  16/31  22:01   0:47   5:23 
Jaden Schwartz           1  0  1   1  0   5  2  0  0  0  0/3    16:44   0:10   0:00 
Jay Bouwmeester          0  0  0  -3  0   1  3  0  0  0  0/0    20:52   0:00   6:16 
Justin Schultz           0  0  0  -3  2   0  0  0  0  0  0/0    14:42   0:00   0:00 
Marian Hossa             2  1  3   0  0   6  4  0  0  0  0/1    17:16   0:47   0:00 
Max Pacioretty           1  0  1   0  0   2  0  0  0  0  0/1    16:27   0:47   0:00 
PK Subban                0  1  1   1  8   0  6  0  0  0  0/0    17:16   0:09   0:44 
Shawn Thornton           0  0  0   0  0   0  0  0  0  0  0/0     0:00   0:00   0:00 
Stephen Weiss            0  0  0  -1  0   0  0  0  0  0  18/39  21:04   0:00   8:10 
Tyson Barrie             0  2  2   2  0   0  0  1  0  0  0/0    21:32   0:00   7:32 
Vladimir Tarasenko       0  1  1   1  6   3  0  0  0  0  0/0    14:50   0:10   0:00 
Zdeno Chara              0  1  1   2  2   1  4  2  0  0  0/0    21:40   0:47   6:54 
Zenon Konopka            0  0  0  -1  2   1  3  0  0  0  0/0    20:43   0:00   7:50 

Players Stats for Stars

Player Name              G  A  P  +/- PIM S  H  SB GA TA FO     MP     PP MP  PK MP  
------------------------------------------------------------------------------------
Alexander Wennberg       1  2  3   1  0   4  3  0  0  0  12/26  21:48   6:14   0:00 
Brent Aubin              0  1  1   0  0   1  3  0  0  0  2/2    21:10   7:34   0:00 
Brian Flynn              0  0  0  -2  0   0  0  0  0  0  0/0    10:20   0:00   0:53 
Dan Hamhuis              1  1  2   0  0   4  1  2  0  0  0/0    22:06   6:46   0:53 
David Desharnais         0  0  0   0  0   1  0  2  0  0  3/6    10:33   0:00   0:53 
Elias Lindholm           0  1  1   0  0   3  0  0  0  0  1/1    13:27   5:00   0:04 
Jeff Carter              3  0  3   0  2   7  0  0  0  0  17/25  24:00   7:34   0:00 
Jeff Petry               0  0  0   1  0   0  1  3  0  0  0/0    15:09   0:00   0:04 
Jim Slater               0  0  0  -2  0   0  2  0  0  0  3/4     9:38   0:00   0:00 
John Klingberg           0  1  1   0  0   3  1  3  0  0  0/0    21:13   6:46   0:00 
Joni Pitkanen            0  1  1  -1  2   3  5  1  0  0  0/0    23:37   7:02   0:53 
Kevin Shattenkirk        0  2  2  -1  0   1  0  1  0  0  0/0    22:01   7:02   0:00 
Loui Eriksson            0  2  2   1  0   1  0  0  0  0  0/0     5:24   1:14   0:00 
Michael Ryan             0  0  0  -2  0   1  0  0  0  0  1/1     9:27   0:00   0:00 
Milan Michalek           1  1  2   2  0   4  1  0  0  0  0/0    17:37   6:14   0:00 
Sean Monahan             1  1  2   2  0   3  3  0  0  0  12/24  11:41   0:00   0:04 
Tyler Donati             0  1  1   0  0   0  0  0  0  0  0/3    20:56   7:34   0:00 
Zach Bogosian            1  2  3   1  0   1  4  2  0  0  0/0    15:53   0:00   0:04 

3 Stars

1 - Zach Bogosian (DAL)
2 - Alexander Wennberg (DAL)
3 - Jeff Carter (DAL)

Power Play

Kings - 0 on 1 Attempt(s) - 0,00%
Stars - 3 on 9 Attempt(s) - 33,33%

Penalty Kill

Kings - 6 on 9 Attempt(s) - 66,67% - Score 0 goal in Penalty Kill
Stars - 1 on 1 Attempt(s) - 100,00% - Score 0 goal in Penalty Kill

Team Stat

Kings - Hits : 23 - Faceoff Wins : 41 - Blocked Shots : 6 - Penalty Minutes : 20
Stars - Hits : 24 - Faceoff Wins : 51 - Blocked Shots : 14 - Penalty Minutes : 4

Official

Referees : Francis Charron and Jon Mclsaac
Linesman : Justin Verhaeghe and Andrew Stammers

Game Notes

Loui Eriksson is injured at 17:40 of 1st period (Sore Left Knee)
Connor Hellebuyck enters game at 8:10 of 2nd period
Jeff Carter has scored a Hat Trick!

Finance

Level 1 -- Attendance: 5890 (98,17%) -- Ticket Income 706 800 $
Level 2 -- Attendance: 5000 (100,00%) -- Ticket Income 375 000 $
Level 3 -- Attendance: 1773 (88,65%) -- Ticket Income 88 650 $
Level 4 -- Attendance: 3466 (86,65%) -- Ticket Income 121 310 $
Luxury Box -- Attendance: 1261 (88,31%) -- Ticket Income 346 775 $
Game was played at the American Airlines Center.
Total Attendance: 17390 (94,37%)
Total Ticket Income: 1 638 535 $
Other Income: 802 882 $
Total Income: 2 441 417 $

Kings

5 vs 5 Forward 
   Center                   Left Wing                Right Wing               Time % Phy DF OF 
 1 Henrik Sedin             Max Pacioretty           Marian Hossa             35     0   2  3  
 2 Brad Richards            Jaden Schwartz           Vladimir Tarasenko       35     0   2  3  
 3 Stephen Weiss            Zenon Konopka            Connor Sheary            30     0   2  3  
 4 Henrik Sedin             Jaden Schwartz           Vladimir Tarasenko       0      1   2  2  

5 vs 5 Defense 
   Defense                  Defense                                           Time % Phy DF OF 
 1 Erik Karlsson            PK Subban                                         35     0   3  2  
 2 Tyson Barrie             Zdeno Chara                                       35     0   3  2  
 3 Jay Bouwmeester          Justin Schultz                                    30     0   3  2  
 4 Justin Schultz           Jay Bouwmeester                                   0      1   2  2  

PowerPlay Forward 
   Center                   Left Wing                Right Wing               Time % Phy DF OF 
 1 Henrik Sedin             Max Pacioretty           Marian Hossa             55     0   0  5  
 2 Jaden Schwartz           Connor Sheary            Vladimir Tarasenko       45     0   0  5  

PowerPlay Defense
   Defense                  Defense                                           Time % Phy DF OF 
 1 PK Subban                Erik Karlsson                                     50     0   0  5  
 2 Zdeno Chara              Cody Ceci                                         50     0   1  4  

Penalty Kill 4 Players Forward 
   Center                   Wing                     Time % Phy DF OF 
 1 Stephen Weiss            Zenon Konopka            60     0   5  0  
 2 Henrik Sedin             Brad Richards            40     0   5  0  

Penalty Kill 4 Players Defense
   Defense                  Defense                  Time % Phy DF OF 
 1 Jay Bouwmeester          Cody Ceci                60     0   5  0  
 2 Zdeno Chara              Tyson Barrie             40     0   5  0  

Penalty Kill - 3 Players Forward 
   Forward                                           Time % Phy DF OF 
 1 Henrik Sedin                                      50     0   5  0  
 2 Stephen Weiss                                     50     0   5  0  

Penalty Kill - 3 Players Defense
   Defense                  Defense                  Time % Phy DF OF 
 1 Jay Bouwmeester          PK Subban                50     0   5  0  
 2 Justin Schultz           Cody Ceci                50     0   5  0  

4 vs 4 Forward 
   Center                   Wing                     Time % Phy DF OF 
 1 Henrik Sedin             Marian Hossa             50     0   2  3  
 2 Jaden Schwartz           Max Pacioretty           50     0   2  3  

4 vs 4 Defense
   Defense                  Defense                  Time % Phy DF OF 
 1 Jay Bouwmeester          PK Subban                50     0   3  2  
 2 Justin Schultz           Cody Ceci                50     0   3  2  

Last Minutes Offensive
   Center                   Left Wing                Right Wing               Defense                  Defense                  
   Henrik Sedin             Jaden Schwartz           Marian Hossa             PK Subban                Erik Karlsson            

Last Minutes Defensive
   Center                   Left Wing                Right Wing               Defense                  Defense                  
   Henrik Sedin             Jaden Schwartz           Marian Hossa             Jay Bouwmeester          Zdeno Chara              

Goaltenders
Starting : Jonas Hiller             
Backup : Connor Hellebuyck        

Extra Forwards
Normal : Henrik Sedin, Jaden Schwartz, Vladimir Tarasenko - PP : Marian Hossa, Connor Sheary - PK : Henrik Sedin
Extra Defensemen
Normal : Justin Schultz, Cody Ceci, Tyson Barrie - PP : Erik Karlsson - PK : PK Subban, Jay Bouwmeester
Penalty Shots
Brad Richards, Marian Hossa, Vladimir Tarasenko, Jay Bouwmeester, Henrik Sedin
Custom OT Lines Forwards
Connor Sheary, Marian Hossa, Henrik Sedin, Max Pacioretty, Jaden Schwartz, Vladimir Tarasenko, Brad Richards, Zenon Konopka, Stephen Weiss, Shawn Thornton
Custom OT Lines Defensemen
Jay Bouwmeester, Justin Schultz, PK Subban, Tyson Barrie, Cody Ceci

Scratches
None

Stars

5 vs 5 Forward 
   Center                   Left Wing                Right Wing               Time % Phy DF OF 
 1 Jeff Carter              Tyler Donati             Brent Aubin              35     0   1  4  
 2 Sean Monahan             Milan Michalek           Loui Eriksson            30     0   2  3  
 3 Alexander Wennberg       David Desharnais         Elias Lindholm           25     0   3  2  
 4 Jim Slater               Brian Flynn              Michael Ryan             10     1   3  1  

5 vs 5 Defense 
   Defense                  Defense                                           Time % Phy DF OF 
 1 Joni Pitkanen            Kevin Shattenkirk                                 35     0   3  2  
 2 Dan Hamhuis              John Klingberg                                    30     0   3  2  
 3 Zach Bogosian            Jeff Petry                                        25     0   3  2  
 4 Zach Bogosian            Joni Pitkanen                                     10     0   4  1  

PowerPlay Forward 
   Center                   Left Wing                Right Wing               Time % Phy DF OF 
 1 Jeff Carter              Tyler Donati             Brent Aubin              55     0   0  5  
 2 Alexander Wennberg       Milan Michalek           Loui Eriksson            45     0   0  5  

PowerPlay Defense
   Defense                  Defense                                           Time % Phy DF OF 
 1 Joni Pitkanen            Kevin Shattenkirk                                 55     0   1  4  
 2 Dan Hamhuis              John Klingberg                                    45     0   1  4  

Penalty Kill 4 Players Forward 
   Center                   Wing                     Time % Phy DF OF 
 1 David Desharnais         Brian Flynn              55     0   4  1  
 2 Sean Monahan             Elias Lindholm           45     0   4  1  

Penalty Kill 4 Players Defense
   Defense                  Defense                  Time % Phy DF OF 
 1 Joni Pitkanen            Dan Hamhuis              55     0   5  0  
 2 Jeff Petry               Zach Bogosian            45     0   5  0  

Penalty Kill - 3 Players Forward 
   Forward                                           Time % Phy DF OF 
 1 Sean Monahan                                      55     0   5  0  
 2 Jim Slater                                        45     0   5  0  

Penalty Kill - 3 Players Defense
   Defense                  Defense                  Time % Phy DF OF 
 1 Joni Pitkanen            Dan Hamhuis              55     0   5  0  
 2 Zach Bogosian            Jeff Petry               45     0   5  0  

4 vs 4 Forward 
   Center                   Wing                     Time % Phy DF OF 
 1 Jeff Carter              Loui Eriksson            55     1   2  2  
 2 Sean Monahan             Brent Aubin              45     1   2  2  

4 vs 4 Defense
   Defense                  Defense                  Time % Phy DF OF 
 1 Joni Pitkanen            Kevin Shattenkirk        55     1   2  2  
 2 Dan Hamhuis              John Klingberg           45     1   2  2  

Last Minutes Offensive
   Center                   Left Wing                Right Wing               Defense                  Defense                  
   Jeff Carter              Loui Eriksson            Brent Aubin              Joni Pitkanen            Kevin Shattenkirk        

Last Minutes Defensive
   Center                   Left Wing                Right Wing               Defense                  Defense                  
   Sean Monahan             Loui Eriksson            David Desharnais         Joni Pitkanen            Dan Hamhuis              

Goaltenders
Starting : Frederik Andersen        
Backup : Al Montoya               

Extra Forwards
Normal : Alexander Wennberg, David Desharnais, Elias Lindholm - PP : Alexander Wennberg, Elias Lindholm - PK : Elias Lindholm
Extra Defensemen
Normal : John Klingberg, Jeff Petry, Dan Hamhuis - PP : John Klingberg - PK : Jeff Petry, Dan Hamhuis
Penalty Shots
Loui Eriksson, Jeff Carter, Milan Michalek, Brent Aubin, Kevin Shattenkirk
Custom OT Lines Forwards
Loui Eriksson, Jeff Carter, Brent Aubin, Sean Monahan, Milan Michalek, Alexander Wennberg, David Desharnais, Tyler Donati, Elias Lindholm, Brian Flynn
Custom OT Lines Defensemen
Joni Pitkanen, John Klingberg, Dan Hamhuis, Kevin Shattenkirk, Zach Bogosian

Scratches
Pavel Datsyuk (Broken Bone (Right Leg) Injury)

% Time on Ice - Kings

Lines # - Real PCT - Wanted PCT - Time Play
Normal Forward
1 - 35% - 35% - 14:37
2 - 34% - 35% - 14:33
3 - 31% - 30% - 12:54
4 - 0% - 0% - 0:10
Normal Defense
1 - 37% - 35% - 15:33
2 - 33% - 35% - 14:00
3 - 30% - 30% - 12:41
4 - 0% - 0% - 0:00
PP Forward
1 - 82% - 55% - 0:47
2 - 18% - 45% - 0:10
PP Defense
1 - 18% - 50% - 0:10
2 - 82% - 50% - 0:47
PK Forward
1 - 69% - 60% - 9:30
2 - 31% - 40% - 4:18
PK Defense
1 - 45% - 60% - 6:16
2 - 55% - 40% - 7:32
PK3 Forward
1 - 0% - 50% - 0:00
2 - 100% - 50% - 0:06
PK3 Defense
1 - 0% - 50% - 0:00
2 - 100% - 50% - 0:06
44 Forward
1 - 64% - 50% - 1:52
2 - 36% - 50% - 1:03
44 Defense
1 - 66% - 50% - 1:55
2 - 34% - 50% - 1:00
Last Minute Offensive  - 0:00
Last Minute Defensive  - 0:00
Total
Forward - 60:00
Defense - 60:00

% Time on Ice - Stars

Lines # - Real PCT - Wanted PCT - Time Play
Normal Forward
1 - 32% - 35% - 13:22
2 - 27% - 30% - 11:23
3 - 19% - 25% - 8:02
4 - 22% - 10% - 9:27
Normal Defense
1 - 32% - 35% - 13:33
2 - 30% - 30% - 12:52
3 - 33% - 25% - 13:54
4 - 5% - 10% - 1:55
PP Forward
1 - 55% - 55% - 7:34
2 - 45% - 45% - 6:14
PP Defense
1 - 51% - 55% - 7:02
2 - 49% - 45% - 6:46
PK Forward
1 - 93% - 55% - 0:53
2 - 7% - 45% - 0:04
PK Defense
1 - 93% - 55% - 0:53
2 - 7% - 45% - 0:04
PK3 Forward
1 - 0% - 55%
2 - 0% - 45%
PK3 Defense
1 - 0% - 55%
2 - 0% - 45%
44 Forward
1 - 92% - 55% - 2:47
2 - 8% - 45% - 0:14
44 Defense
1 - 48% - 55% - 1:26
2 - 52% - 45% - 1:35
Last Minute Offensive  - 0:00
Last Minute Defensive  - 0:00
Total
Forward - 60:00
Defense - 60:00

Play by Play

1st period


0:01 of 1st period - Jeff Carter wins face-off versus Henrik Sedin in neutral zone.
1:00 of 1st period - Shot by Vladimir Tarasenko.
1:00 of 1st period - Stopped by Frederik Andersen without a rebound.
1:01 of 1st period - Sean Monahan wins face-off versus Stephen Weiss in Stars zone.
1:22 of 1st period - Shot by Sean Monahan.
1:22 of 1st period - Stopped by Jonas Hiller without a rebound.
1:23 of 1st period - Alexander Wennberg wins face-off versus Brad Richards in Kings zone.
1:23 of 1st period - Zach Bogosian is hit by Zdeno Chara and loses puck.
1:24 of 1st period - Minor Penalty to Zdeno Chara for Slashing.
1:25 of 1st period - Stephen Weiss wins face-off versus Alexander Wennberg in Kings zone.
1:52 of 1st period - Shot by Dan Hamhuis.
1:52 of 1st period - Stopped by Jonas Hiller without a rebound.
1:53 of 1st period - Henrik Sedin wins face-off versus Tyler Donati in Kings zone.
2:22 of 1st period - Shot by Tyler Donati.
2:22 of 1st period - Shot Misses the Net.
2:24 of 1st period - Shot by Joni Pitkanen.
2:24 of 1st period - Stopped by Jonas Hiller without a rebound.
2:25 of 1st period - Alexander Wennberg wins face-off versus Henrik Sedin in Kings zone.
2:28 of 1st period - Shot by Alexander Wennberg.
2:28 of 1st period - Shot Misses the Net.
2:30 of 1st period - Shot by Dan Hamhuis.
2:30 of 1st period - Shot Misses the Net.
2:32 of 1st period - Shot by Dan Hamhuis.
2:32 of 1st period - Goal by Dan Hamhuis - Kings : 0 - Stars : 1.
2:33 of 1st period - Alexander Wennberg wins face-off versus Brad Richards in neutral zone.
2:35 of 1st period - Zach Bogosian is hit by Zdeno Chara.
2:41 of 1st period - Shot by David Desharnais.
2:41 of 1st period - Shot Misses the Net.
2:43 of 1st period - Shot by David Desharnais.
2:43 of 1st period - Deflect By Elias Lindholm.
2:43 of 1st period - Stopped by Jonas Hiller with a rebound.
2:45 of 1st period - Shot by Zach Bogosian.
2:45 of 1st period - Shot Misses the Net.
2:47 of 1st period - Shot by Alexander Wennberg.
2:47 of 1st period - Stopped by Jonas Hiller without a rebound.
2:48 of 1st period - Stephen Weiss wins face-off versus Sean Monahan in Kings zone.
3:31 of 1st period - Loui Eriksson is hit by Jay Bouwmeester and loses puck.
4:21 of 1st period - Jaden Schwartz is hit by Zach Bogosian and loses puck.
4:37 of 1st period - Jaden Schwartz is hit by Joni Pitkanen and loses puck.
4:43 of 1st period - Icing by Jeff Carter.
4:44 of 1st period - Henrik Sedin wins face-off versus Jeff Carter in Stars zone.
4:47 of 1st period - Shot by Henrik Sedin.
4:47 of 1st period - Stopped by Frederik Andersen without a rebound.
4:48 of 1st period - Jim Slater wins face-off versus Henrik Sedin in Stars zone.
4:55 of 1st period - Shot by Henrik Sedin.
4:55 of 1st period - Shot Misses the Net.
4:57 of 1st period - Shot by Marian Hossa.
4:57 of 1st period - Shot Blocked by Dan Hamhuis.
4:59 of 1st period - Shot by Marian Hossa.
4:59 of 1st period - Shot Misses the Net.
5:15 of 1st period - Shot by Michael Ryan.
5:15 of 1st period - Stopped by Jonas Hiller without a rebound.
5:16 of 1st period - Jeff Carter wins face-off versus Brad Richards in Kings zone.
5:25 of 1st period - Shot by Jaden Schwartz.
5:25 of 1st period - Shot Misses the Net.
5:27 of 1st period - Shot by Jaden Schwartz.
5:27 of 1st period - Goal by Jaden Schwartz - Kings : 1 - Stars : 1.
5:28 of 1st period - Sean Monahan wins face-off versus Brad Richards in neutral zone.
5:35 of 1st period - Shot by Loui Eriksson.
5:35 of 1st period - Deflect By Sean Monahan.
5:35 of 1st period - Shot Blocked by Zdeno Chara.
5:37 of 1st period - Shot by Loui Eriksson.
5:37 of 1st period - Stopped by Jonas Hiller without a rebound.
5:38 of 1st period - Jeff Carter wins face-off versus Henrik Sedin in Kings zone.
5:40 of 1st period - Brent Aubin is hit by PK Subban and loses puck.
5:51 of 1st period - Shot by Jeff Carter.
5:51 of 1st period - Stopped by Jonas Hiller without a rebound.
5:52 of 1st period - Brad Richards wins face-off versus David Desharnais in Kings zone.
5:52 of 1st period - Brad Richards is hit by Joni Pitkanen.
6:18 of 1st period - Icing by Vladimir Tarasenko.
6:19 of 1st period - Brad Richards wins face-off versus Sean Monahan in Kings zone.
6:19 of 1st period - Brad Richards is hit by Milan Michalek.
6:22 of 1st period - Tyson Barrie is hit by Zach Bogosian and loses puck.
6:33 of 1st period - Shot by Vladimir Tarasenko.
6:33 of 1st period - Stopped by Frederik Andersen with a rebound.
6:35 of 1st period - Shot by Brad Richards.
6:35 of 1st period - Shot Blocked by Jeff Petry.
6:37 of 1st period - Shot by Brad Richards.
6:37 of 1st period - Goal by Brad Richards - Kings : 2 - Stars : 1.
6:38 of 1st period - Jeff Carter wins face-off versus Henrik Sedin in neutral zone.
7:48 of 1st period - Shot by Milan Michalek.
7:48 of 1st period - Goal by Milan Michalek - Kings : 2 - Stars : 2.
7:49 of 1st period - David Desharnais wins face-off versus Stephen Weiss in neutral zone.
8:21 of 1st period - Shot by David Desharnais.
8:21 of 1st period - Shot Misses the Net.
8:23 of 1st period - Shot by Elias Lindholm.
8:23 of 1st period - Shot Misses the Net.
8:25 of 1st period - Shot by David Desharnais.
8:25 of 1st period - Stopped by Jonas Hiller without a rebound.
8:26 of 1st period - Brad Richards wins face-off versus Sean Monahan in Kings zone.
8:26 of 1st period - Brad Richards is hit by Sean Monahan.
8:29 of 1st period - Vladimir Tarasenko is hit by Sean Monahan and loses puck.
8:40 of 1st period - Shot by Jaden Schwartz.
8:40 of 1st period - Shot Misses the Net.
9:24 of 1st period - Shot by Tyler Donati.
9:24 of 1st period - Deflect By Brent Aubin.
9:24 of 1st period - Shot Misses the Net.
10:14 of 1st period - Shot by Marian Hossa.
10:14 of 1st period - Goal by Marian Hossa - Kings : 3 - Stars : 2.
10:15 of 1st period - Michael Ryan wins face-off versus Stephen Weiss in neutral zone.
10:30 of 1st period - Jay Bouwmeester is hit by Jim Slater and loses puck.
10:37 of 1st period - Dan Hamhuis is hit by Zenon Konopka and loses puck.
10:54 of 1st period - Shot by Connor Sheary.
10:54 of 1st period - Shot Misses the Net.
11:08 of 1st period - Shot by Marian Hossa.
11:08 of 1st period - Shot Misses the Net.
11:10 of 1st period - Shot by Marian Hossa.
11:10 of 1st period - Stopped by Frederik Andersen with a rebound.
11:14 of 1st period - Shot by Marian Hossa.
11:14 of 1st period - Shot Misses the Net.
11:16 of 1st period - Shot by Max Pacioretty.
11:16 of 1st period - Deflect By Marian Hossa.
11:16 of 1st period - Shot Blocked by John Klingberg.
11:28 of 1st period - Shot by Marian Hossa.
11:28 of 1st period - Shot Misses the Net.
11:44 of 1st period - Shot by Marian Hossa.
11:44 of 1st period - Goal by Marian Hossa - Kings : 4 - Stars : 2.
11:45 of 1st period - Brad Richards wins face-off versus Alexander Wennberg in neutral zone.
12:17 of 1st period - Minor Penalty to Vladimir Tarasenko for High sticking.
12:18 of 1st period - Brent Aubin wins face-off versus Stephen Weiss in Kings zone.
12:27 of 1st period - Shot by Kevin Shattenkirk.
12:27 of 1st period - Shot Misses the Net.
12:29 of 1st period - Shot by Joni Pitkanen.
12:29 of 1st period - Stopped by Jonas Hiller without a rebound.
12:30 of 1st period - Jeff Carter wins face-off versus Stephen Weiss in Kings zone.
12:48 of 1st period - Shot by Jeff Carter.
12:48 of 1st period - Stopped by Jonas Hiller with a rebound.
12:50 of 1st period - Shot by Jeff Carter.
12:50 of 1st period - Shot Blocked by Cody Ceci.
12:52 of 1st period - Shot by Kevin Shattenkirk.
12:52 of 1st period - Shot Blocked by Cody Ceci.
14:03 of 1st period - Icing by John Klingberg.
14:04 of 1st period - Stephen Weiss wins face-off versus Alexander Wennberg in Stars zone.
14:04 of 1st period - Stephen Weiss is hit by John Klingberg.
14:14 of 1st period - Shot by John Klingberg.
14:14 of 1st period - Shot Blocked by Tyson Barrie.
14:16 of 1st period - Shot by Dan Hamhuis.
14:16 of 1st period - Stopped by Jonas Hiller without a rebound.
14:17 of 1st period - Jim Slater wins face-off versus Henrik Sedin in Kings zone.
14:17 of 1st period - Jim Slater is hit by PK Subban.
14:26 of 1st period - Icing by PK Subban.
14:27 of 1st period - Alexander Wennberg wins face-off versus Henrik Sedin in Kings zone.
14:27 of 1st period - David Desharnais is hit by PK Subban.
14:31 of 1st period - Shot by Alexander Wennberg.
14:31 of 1st period - Stopped by Jonas Hiller without a rebound.
14:32 of 1st period - Henrik Sedin wins face-off versus Sean Monahan in Kings zone.
14:32 of 1st period - Jay Bouwmeester is hit by Zach Bogosian and loses puck.
14:44 of 1st period - Shot by Milan Michalek.
14:44 of 1st period - Shot Misses the Net.
14:46 of 1st period - Shot by Zach Bogosian.
14:46 of 1st period - Goal by Zach Bogosian - Kings : 4 - Stars : 3.
14:47 of 1st period - Jeff Carter wins face-off versus Brad Richards in neutral zone.
14:49 of 1st period - Dan Hamhuis is hit by PK Subban and loses puck.
15:01 of 1st period - Icing by John Klingberg.
15:02 of 1st period - Jeff Carter wins face-off versus Stephen Weiss in Stars zone.
15:17 of 1st period - Shot by Stephen Weiss.
15:17 of 1st period - Deflect By Connor Sheary.
15:17 of 1st period - Shot Misses the Net.
15:29 of 1st period - Shot by Stephen Weiss.
15:29 of 1st period - Shot Blocked by John Klingberg.
16:45 of 1st period - Icing by PK Subban.
16:46 of 1st period - Henrik Sedin wins face-off versus David Desharnais in Kings zone.
17:19 of 1st period - Shot by Jaden Schwartz.
17:19 of 1st period - Shot Blocked by Zach Bogosian.
17:21 of 1st period - Shot by Vladimir Tarasenko.
17:21 of 1st period - Shot Blocked by Zach Bogosian.
17:23 of 1st period - Shot by Brad Richards.
17:23 of 1st period - Stopped by Frederik Andersen without a rebound.
17:24 of 1st period - Jeff Carter wins face-off versus Stephen Weiss in Stars zone.
17:33 of 1st period - Shot by Jeff Carter.
17:33 of 1st period - Stopped by Jonas Hiller without a rebound.
17:34 of 1st period - Stephen Weiss wins face-off versus Sean Monahan in Kings zone.
17:34 of 1st period - Zdeno Chara is hit by Joni Pitkanen.
17:39 of 1st period - Loui Eriksson is hit by Zdeno Chara and loses puck.
17:40 of 1st period - Loui Eriksson from Stars is injured at 17:40 of 1st period (Sore Left Knee).
17:41 of 1st period - Jeff Carter wins face-off versus Brad Richards in Kings zone.
17:41 of 1st period - Joni Pitkanen is hit by Jay Bouwmeester and loses puck.
18:47 of 1st period - Icing by Erik Karlsson.
18:48 of 1st period - Sean Monahan wins face-off versus Henrik Sedin in Kings zone.
18:55 of 1st period - Shot by Alexander Wennberg.
18:55 of 1st period - Shot Misses the Net.
18:57 of 1st period - Shot by Sean Monahan.
18:57 of 1st period - Shot Misses the Net.
19:15 of 1st period - Shot by Sean Monahan.
19:15 of 1st period - Goal by Sean Monahan - Kings : 4 - Stars : 4.
19:16 of 1st period - Jim Slater wins face-off versus Stephen Weiss in neutral zone.
Goals for this period are 4 for Kings vs 4 for Stars.
Shots for this period are 9 for Kings vs 18 for Stars.

2nd period


0:01 of 2nd period - Alexander Wennberg wins face-off versus Brad Richards in neutral zone.
0:21 of 2nd period - Vladimir Tarasenko is hit by Alexander Wennberg and loses puck.
1:32 of 2nd period - Shot by Jeff Carter.
1:32 of 2nd period - Goal by Jeff Carter - Kings : 4 - Stars : 5.
1:33 of 2nd period - Sean Monahan wins face-off versus Stephen Weiss in neutral zone.
1:43 of 2nd period - Shot by Sean Monahan.
1:43 of 2nd period - Stopped by Jonas Hiller without a rebound.
1:44 of 2nd period - Stephen Weiss wins face-off versus Alexander Wennberg in Kings zone.
2:00 of 2nd period - Icing by Zenon Konopka.
2:01 of 2nd period - Stephen Weiss wins face-off versus Jim Slater in Kings zone.
2:20 of 2nd period - Shot by Jim Slater.
2:20 of 2nd period - Shot Misses the Net.
2:39 of 2nd period - Icing by Zdeno Chara.
2:40 of 2nd period - Sean Monahan wins face-off versus Stephen Weiss in Kings zone.
2:43 of 2nd period - Shot by Sean Monahan.
2:43 of 2nd period - Shot Misses the Net.
3:00 of 2nd period - Stephen Weiss is hit by Jeff Petry and loses puck.
4:19 of 2nd period - Shot by Jaden Schwartz.
4:19 of 2nd period - Deflect By Brad Richards.
4:19 of 2nd period - Shot Misses the Net.
5:19 of 2nd period - Icing by Zdeno Chara.
5:20 of 2nd period - David Desharnais wins face-off versus Stephen Weiss in Kings zone.
5:45 of 2nd period - Shot by Alexander Wennberg.
5:45 of 2nd period - Stopped by Jonas Hiller without a rebound.
5:46 of 2nd period - Henrik Sedin wins face-off versus Sean Monahan in Kings zone.
5:46 of 2nd period - Henrik Sedin is hit by Joni Pitkanen.
5:52 of 2nd period - Shot by Marian Hossa.
5:52 of 2nd period - Stopped by Frederik Andersen without a rebound.
5:53 of 2nd period - Sean Monahan wins face-off versus Henrik Sedin in Stars zone.
5:57 of 2nd period - John Klingberg is hit by Marian Hossa and loses puck.
6:26 of 2nd period - Shot by Marian Hossa.
6:26 of 2nd period - Stopped by Frederik Andersen without a rebound.
6:27 of 2nd period - Brad Richards wins face-off versus Jeff Carter in Stars zone.
6:59 of 2nd period - Jeff Carter is hit by Jay Bouwmeester.
7:07 of 2nd period - Shot by Vladimir Tarasenko.
7:07 of 2nd period - Shot Misses the Net.
7:26 of 2nd period - Off-side.
7:27 of 2nd period - Sean Monahan wins face-off versus Marian Hossa in neutral zone.
7:33 of 2nd period - Minor Penalty to PK Subban for Hooking.
7:34 of 2nd period - Stephen Weiss wins face-off versus Alexander Wennberg in Kings zone.
7:58 of 2nd period - Shot by Milan Michalek.
7:58 of 2nd period - Shot Blocked by Zdeno Chara.
8:08 of 2nd period - Shot by Elias Lindholm.
8:08 of 2nd period - Shot Misses the Net.
8:10 of 2nd period - Shot by Alexander Wennberg.
8:10 of 2nd period - Goal by Alexander Wennberg - Kings : 4 - Stars : 6.
8:10 of 2nd period - Connor Hellebuyck enters game.
8:11 of 2nd period - Jeff Carter wins face-off versus Henrik Sedin in neutral zone.
8:19 of 2nd period - Erik Karlsson is hit by Brent Aubin and loses puck.
9:24 of 2nd period - Shot by Vladimir Tarasenko.
9:24 of 2nd period - Deflect By Jaden Schwartz.
9:24 of 2nd period - Shot Misses the Net.
9:29 of 2nd period - Icing by Zach Bogosian.
9:30 of 2nd period - Sean Monahan wins face-off versus Stephen Weiss in Stars zone.
11:31 of 2nd period - Icing by Brent Aubin.
11:32 of 2nd period - Henrik Sedin wins face-off versus Jeff Carter in Stars zone.
11:37 of 2nd period - Shot by Max Pacioretty.
11:37 of 2nd period - Deflect By Henrik Sedin.
11:37 of 2nd period - Shot Misses the Net.
11:40 of 2nd period - Icing by Kevin Shattenkirk.
11:41 of 2nd period - Henrik Sedin wins face-off versus Jeff Carter in Stars zone.
11:55 of 2nd period - Shot by Max Pacioretty.
11:55 of 2nd period - Deflect By Marian Hossa.
11:55 of 2nd period - Shot Misses the Net.
11:57 of 2nd period - Shot by Henrik Sedin.
11:57 of 2nd period - Shot Misses the Net.
12:03 of 2nd period - Shot by Max Pacioretty.
12:03 of 2nd period - Goal by Max Pacioretty - Kings : 5 - Stars : 6.
12:04 of 2nd period - Stephen Weiss wins face-off versus Alexander Wennberg in neutral zone.
12:06 of 2nd period - Off-side.
12:07 of 2nd period - Stephen Weiss wins face-off versus Alexander Wennberg in neutral zone.
12:22 of 2nd period - Icing by Erik Karlsson.
12:23 of 2nd period - Stephen Weiss wins face-off versus Sean Monahan in Kings zone.
12:23 of 2nd period - Stephen Weiss is hit by Sean Monahan.
12:40 of 2nd period - Minor Penalty to Joni Pitkanen for Roughing.
12:40 of 2nd period - Minor Penalty to Zenon Konopka for Holding.
12:41 of 2nd period - Jeff Carter wins face-off versus Henrik Sedin in Stars zone.
13:33 of 2nd period - Off-side.
13:34 of 2nd period - Sean Monahan wins face-off versus Jaden Schwartz in neutral zone.
13:36 of 2nd period - Off-side.
13:37 of 2nd period - Jeff Carter wins face-off versus Max Pacioretty in neutral zone.
14:00 of 2nd period - Shot by PK Subban.
14:00 of 2nd period - Shot Blocked by Jeff Petry.
14:20 of 2nd period - Shot by Max Pacioretty.
14:20 of 2nd period - Shot Misses the Net.
14:22 of 2nd period - Shot by Jay Bouwmeester.
14:22 of 2nd period - Shot Blocked by Jeff Petry.
14:33 of 2nd period - Minor Penalty to Justin Schultz for Delaying the game.
14:34 of 2nd period - Sean Monahan wins face-off versus Stephen Weiss in Kings zone.
14:39 of 2nd period - Shot by Brent Aubin.
14:39 of 2nd period - Stopped by Connor Hellebuyck without a rebound.
14:40 of 2nd period - Alexander Wennberg wins face-off versus Stephen Weiss in Kings zone.
14:41 of 2nd period - Shot by Dan Hamhuis.
14:41 of 2nd period - Shot Misses the Net.
14:43 of 2nd period - Shot by John Klingberg.
14:43 of 2nd period - Stopped by Connor Hellebuyck without a rebound.
14:44 of 2nd period - Alexander Wennberg wins face-off versus Stephen Weiss in Kings zone.
14:45 of 2nd period - Shot by Milan Michalek.
14:45 of 2nd period - Stopped by Connor Hellebuyck with a rebound.
14:47 of 2nd period - Shot by John Klingberg.
14:47 of 2nd period - Stopped by Connor Hellebuyck with a rebound.
14:49 of 2nd period - Shot by Dan Hamhuis.
14:49 of 2nd period - Stopped by Connor Hellebuyck with a rebound.
14:51 of 2nd period - Shot by Milan Michalek.
14:51 of 2nd period - Deflect By Elias Lindholm.
14:51 of 2nd period - Stopped by Connor Hellebuyck without a rebound.
14:52 of 2nd period - Stephen Weiss wins face-off versus Alexander Wennberg in Kings zone.
15:16 of 2nd period - Shot by John Klingberg.
15:16 of 2nd period - Shot Misses the Net.
15:20 of 2nd period - Shot by John Klingberg.
15:20 of 2nd period - Stopped by Connor Hellebuyck without a rebound.
15:21 of 2nd period - Stephen Weiss wins face-off versus Jeff Carter in Kings zone.
15:43 of 2nd period - Jeff Carter is hit by Zdeno Chara and loses puck.
15:50 of 2nd period - Shot by Jeff Carter.
15:50 of 2nd period - Shot Misses the Net.
16:09 of 2nd period - Icing by Tyler Donati.
16:10 of 2nd period - Jeff Carter wins face-off versus Stephen Weiss in Stars zone.
16:14 of 2nd period - Kevin Shattenkirk is hit by Zenon Konopka and loses puck.
16:59 of 2nd period - Marian Hossa is hit by Jim Slater and loses puck.
17:20 of 2nd period - Jeff Petry is hit by PK Subban and loses puck.
17:53 of 2nd period - Shot by Jaden Schwartz.
17:53 of 2nd period - Stopped by Frederik Andersen with a rebound.
17:55 of 2nd period - Shot by Zdeno Chara.
17:55 of 2nd period - Stopped by Frederik Andersen without a rebound.
17:56 of 2nd period - Sean Monahan wins face-off versus Stephen Weiss in Stars zone.
17:56 of 2nd period - Sean Monahan is hit by Zenon Konopka.
19:03 of 2nd period - Minor Penalty to Vladimir Tarasenko for Hooking.
19:04 of 2nd period - Henrik Sedin wins face-off versus Jeff Carter in Kings zone.
19:55 of 2nd period - Henrik Sedin is hit by Alexander Wennberg and loses puck.
Goals for this period are 1 for Kings vs 2 for Stars.
Shots for this period are 5 for Kings vs 11 for Stars.

3rd period


0:01 of 3rd period - Jeff Carter wins face-off versus Stephen Weiss in neutral zone.
0:04 of 3rd period - Jay Bouwmeester is hit by Brent Aubin and loses puck.
0:09 of 3rd period - Shot by Joni Pitkanen.
0:09 of 3rd period - Stopped by Connor Hellebuyck with a rebound.
0:42 of 3rd period - Shot by Joni Pitkanen.
0:42 of 3rd period - Shot Misses the Net.
1:10 of 3rd period - Shot by Marian Hossa.
1:10 of 3rd period - Stopped by Frederik Andersen without a rebound.
1:11 of 3rd period - Alexander Wennberg wins face-off versus Brad Richards in Stars zone.
1:38 of 3rd period - Shot by Brad Richards.
1:38 of 3rd period - Shot Blocked by John Klingberg.
2:14 of 3rd period - Jeff Petry is hit by Marian Hossa and loses puck.
2:22 of 3rd period - Icing by Zach Bogosian.
2:23 of 3rd period - Stephen Weiss wins face-off versus Sean Monahan in Stars zone.
3:07 of 3rd period - Icing by Zach Bogosian.
3:08 of 3rd period - Henrik Sedin wins face-off versus Sean Monahan in Stars zone.
3:20 of 3rd period - Minor Penalty to Jeff Carter for Diving.
3:21 of 3rd period - Henrik Sedin wins face-off versus David Desharnais in Stars zone.
4:16 of 3rd period - Icing by PK Subban.
4:17 of 3rd period - Sean Monahan wins face-off versus Jaden Schwartz in Kings zone.
4:17 of 3rd period - Minor Penalty to PK Subban for Interference.
4:18 of 3rd period - Alexander Wennberg wins face-off versus Jaden Schwartz in Kings zone.
4:27 of 3rd period - Shot by Max Pacioretty.
4:27 of 3rd period - Deflect By Jaden Schwartz.
4:27 of 3rd period - Stopped by Frederik Andersen without a rebound.
4:28 of 3rd period - David Desharnais wins face-off versus Henrik Sedin in Stars zone.
5:08 of 3rd period - Icing by Jay Bouwmeester.
5:09 of 3rd period - Elias Lindholm wins face-off versus Henrik Sedin in Kings zone.
5:32 of 3rd period - Shot by Jeff Carter.
5:32 of 3rd period - Shot Misses the Net.
5:34 of 3rd period - Shot by Jeff Carter.
5:34 of 3rd period - Goal by Jeff Carter - Kings : 5 - Stars : 7.
5:35 of 3rd period - Brad Richards wins face-off versus Sean Monahan in neutral zone.
5:58 of 3rd period - Shot by Milan Michalek.
5:58 of 3rd period - Stopped by Connor Hellebuyck without a rebound.
5:59 of 3rd period - Stephen Weiss wins face-off versus Jeff Carter in Kings zone.
6:24 of 3rd period - Off-side.
6:25 of 3rd period - Alexander Wennberg wins face-off versus Henrik Sedin in neutral zone.
6:25 of 3rd period - John Klingberg is hit by Marian Hossa.
6:26 of 3rd period - Minor Penalty to PK Subban for Roughing.
6:27 of 3rd period - Alexander Wennberg wins face-off versus Stephen Weiss in Kings zone.
7:51 of 3rd period - Shot by Joni Pitkanen.
7:51 of 3rd period - Shot Misses the Net.
7:53 of 3rd period - Shot by Jeff Carter.
7:53 of 3rd period - Stopped by Connor Hellebuyck without a rebound.
7:54 of 3rd period - Henrik Sedin wins face-off versus Jeff Carter in Kings zone.
9:53 of 3rd period - Shot by David Desharnais.
9:53 of 3rd period - Shot Misses the Net.
10:23 of 3rd period - Shot by Jeff Carter.
10:23 of 3rd period - Shot Hit the Post.
10:26 of 3rd period - Icing by Connor Sheary.
10:27 of 3rd period - Brent Aubin wins face-off versus Stephen Weiss in Kings zone.
10:48 of 3rd period - Shot by Jeff Carter.
10:48 of 3rd period - Shot Misses the Net.
10:56 of 3rd period - Shot by Jeff Carter.
10:56 of 3rd period - Deflect By Brent Aubin.
10:56 of 3rd period - Shot Misses the Net.
11:00 of 3rd period - Shot by Jeff Carter.
11:00 of 3rd period - Goal by Jeff Carter - Kings : 5 - Stars : 8.
11:01 of 3rd period - Henrik Sedin wins face-off versus Sean Monahan in neutral zone.
11:10 of 3rd period - Zach Bogosian is hit by PK Subban and loses puck.
11:12 of 3rd period - Minor Penalty to PK Subban for Hooking.
11:13 of 3rd period - Stephen Weiss wins face-off versus Alexander Wennberg in Kings zone.
11:32 of 3rd period - Shot by Alexander Wennberg.
11:32 of 3rd period - Shot Blocked by Cody Ceci.
11:34 of 3rd period - Shot by Dan Hamhuis.
11:34 of 3rd period - Shot Misses the Net.
11:36 of 3rd period - Shot by Dan Hamhuis.
11:36 of 3rd period - Shot Misses the Net.
11:38 of 3rd period - Shot by Milan Michalek.
11:38 of 3rd period - Stopped by Connor Hellebuyck with a rebound.
12:11 of 3rd period - Zdeno Chara is hit by Brent Aubin and loses puck.
12:29 of 3rd period - Off-side.
12:30 of 3rd period - Jeff Carter wins face-off versus Stephen Weiss in neutral zone.
12:30 of 3rd period - Kevin Shattenkirk is hit by Henrik Sedin and loses puck.
13:59 of 3rd period - Minor Penalty to Vladimir Tarasenko for High sticking.
14:00 of 3rd period - Stephen Weiss wins face-off versus Alexander Wennberg in Kings zone.
14:19 of 3rd period - Shot by Stephen Weiss.
14:19 of 3rd period - Deflect By Zenon Konopka.
14:19 of 3rd period - Stopped by Frederik Andersen without a rebound.
14:20 of 3rd period - Stephen Weiss wins face-off versus Tyler Donati in Stars zone.
14:27 of 3rd period - Shot by Tyson Barrie.
14:27 of 3rd period - Shot Blocked by Kevin Shattenkirk.
15:03 of 3rd period - Shot by Kevin Shattenkirk.
15:03 of 3rd period - Stopped by Connor Hellebuyck without a rebound.
15:04 of 3rd period - Henrik Sedin wins face-off versus Alexander Wennberg in Kings zone.
15:04 of 3rd period - Henrik Sedin is hit by Alexander Wennberg.
15:50 of 3rd period - Shot by Dan Hamhuis.
15:50 of 3rd period - Shot Misses the Net.
16:38 of 3rd period - Shot by Jaden Schwartz.
16:38 of 3rd period - Stopped by Frederik Andersen with a rebound.
17:22 of 3rd period - Shot by Jay Bouwmeester.
17:22 of 3rd period - Stopped by Frederik Andersen without a rebound.
17:23 of 3rd period - Henrik Sedin wins face-off versus Alexander Wennberg in Stars zone.
17:32 of 3rd period - Shot by Vladimir Tarasenko.
17:32 of 3rd period - Stopped by Frederik Andersen without a rebound.
17:33 of 3rd period - Henrik Sedin wins face-off versus Tyler Donati in Stars zone.
17:33 of 3rd period - Henrik Sedin is hit by Joni Pitkanen.
17:35 of 3rd period - Shot by Max Pacioretty.
17:35 of 3rd period - Shot Blocked by Joni Pitkanen.
17:37 of 3rd period - Shot by Henrik Sedin.
17:37 of 3rd period - Shot Misses the Net.
17:55 of 3rd period - Shot by Max Pacioretty.
17:55 of 3rd period - Stopped by Frederik Andersen without a rebound.
17:56 of 3rd period - Brad Richards wins face-off versus Alexander Wennberg in Stars zone.
18:01 of 3rd period - Shot by Vladimir Tarasenko.
18:01 of 3rd period - Shot Misses the Net.
18:03 of 3rd period - Shot by Brad Richards.
18:03 of 3rd period - Shot Blocked by David Desharnais.
18:05 of 3rd period - Shot by Jaden Schwartz.
18:05 of 3rd period - Stopped by Frederik Andersen without a rebound.
18:06 of 3rd period - Jeff Carter wins face-off versus Brad Richards in Stars zone.
18:06 of 3rd period - Jeff Carter is hit by Jaden Schwartz.
18:23 of 3rd period - Off-side.
18:24 of 3rd period - Alexander Wennberg wins face-off versus Henrik Sedin in neutral zone.
18:36 of 3rd period - Marian Hossa is hit by Dan Hamhuis and loses puck.
18:39 of 3rd period - Shot by Marian Hossa.
18:39 of 3rd period - Shot Blocked by David Desharnais.
18:41 of 3rd period - Shot by Marian Hossa.
18:41 of 3rd period - Shot Misses the Net.
18:43 of 3rd period - Shot by PK Subban.
18:43 of 3rd period - Shot Blocked by Dan Hamhuis.
18:45 of 3rd period - Shot by Erik Karlsson.
18:45 of 3rd period - Stopped by Frederik Andersen without a rebound.
18:46 of 3rd period - Jeff Carter wins face-off versus Brad Richards in Stars zone.
18:52 of 3rd period - Joni Pitkanen is hit by Jaden Schwartz and loses puck.
19:39 of 3rd period - Off-side.
19:40 of 3rd period - Henrik Sedin wins face-off versus Alexander Wennberg in neutral zone.
19:47 of 3rd period - Dan Hamhuis is hit by Marian Hossa and loses puck.
19:56 of 3rd period - Shot by Elias Lindholm.
19:56 of 3rd period - Stopped by Connor Hellebuyck without a rebound.
19:57 of 3rd period - Stephen Weiss wins face-off versus Sean Monahan in Kings zone.
19:57 of 3rd period - Stephen Weiss is hit by Zach Bogosian.
Goals for this period are 0 for Kings vs 2 for Stars.
Shots for this period are 9 for Kings vs 8 for Stars.